 Dungeon Crawl Stone Soup version 0.29-a0-398-ge13fd1374b (webtiles) character file.

Game seed: 13729228187796508713

4437 Hubjo the Thaumaturge (level 10, 0/88 (90) HPs)
             Began as a Deep Elf Fire Elementalist on May 12, 2022.
             Was a Believer of Ashenzari.
             Slain by a wyvern (3 damage)
             ... on level 9 of the Dungeon.
             The game lasted 00:21:49 (10863 turns).

Hubjo the Thaumaturge (Deep Elf Fire Elementalist) Turns: 10863, Time: 00:21:50

HP:   0/88 (90)     AC: 18    Str:  7    XL:     10   Next: 14%
MP:   25/25         EV: 15    Int: 20    God:    Ashenzari [**....]
Gold: 461           SH:  0    Dex: 15    Spells: 17/27 levels left

rFire   + . .      SeeInvis +   k - +12 spear of Ashenzari's Malaise {holy, rElec rN+ Int-5, Melee, Fort} (curse)
rCold   x . .      Faith    .   (no shield)
rNeg    + . .      Spirit   .   j - +0 swamp dragon scales of the Cosmic Annoyance {rPois, Bglg, Fort} (curse)
rPois   +          Reflect  .   C - +2 helmet "Ensconced Mistrust" {Comp, Cun} (curse)
rElec   +          Harm     .   (no cloak)
rCorr   .          Rampage  .   F - +2 pair of gloves
Will    ++...                   (no boots)
Stlth   ..........              (no amulet)
HPRegen 0.24/turn               d - ring of fire
MPRegen 0.19/turn               l - ring "Cursed Visionary" {AC+4, Elem, Evo} (curse)

@: mighty, agile, berserking, hasted, lightly drained, unable to read, very
quick
A: strong-willed 1, strong 1, inability to read while threatened
a: Renounce Religion, Shatter the Chains


You were on level 9 of the Dungeon.
You worshipped Ashenzari.
Ashenzari was pleased with you.
You visited 2 branches of the dungeon, and saw 10 of its levels.

You collected 490 gold pieces.
You donated 29 gold pieces to Zin.

Inventory:

Hand Weapons
 i - a +0 short sword of protection
 k - the cursed +12 spear of Ashenzari's Malaise (weapon) {holy, rElec rN+ Int-5, Melee, Fort}
   (You took it off an orc on level 7 of the Dungeon)

   It has been blessed by the Shining One to cause great damage to the undead
   and demons.
   Int:       It affects your intelligence (-5).
   rElec:     It insulates you from electricity.
   rN:        It protects you from negative energy.
   It has a curse which improves the following skills: Melee Combat: Short
   Blades, Long Blades, Axes, Maces & Flails, Polearms, Staves and Unarmed
   Combat.
   Fortitude: Armour and Shields.
 s - a +2 dagger of venom
 v - a +2 vorpal flail
 w - a +5 battleaxe
Missiles
 u - 2 throwing nets
Armour
 a - a +0 robe
 j - the cursed +0 swamp dragon scales of the Cosmic Annoyance (worn) {rPois, Bglg, Fort}
   (You took it off Maggie on level 7 of the Dungeon)

   rPois:     It protects you from poison.
   It has a curse which improves the following skills: Beguiling: Conjurations,
   Hexes and Translocations.
   Fortitude: Armour and Shields.
 C - the cursed +2 helmet "Ensconced Mistrust" (worn) {Comp, Cun}
   (You found it on level 5 of the Dungeon)

   It has a curse which improves the following skills: Companions: Summonings
   and Necromancy.
   Cunning:   Dodging and Stealth.
 F - a +2 pair of gloves (worn)
Jewellery
 d - a ring of fire (left hand)
 l - the cursed ring "Cursed Visionary" (right hand) {AC+4, Elem, Evo}
   (You found it on level 2 of the Dungeon)

   [ring of protection]

   AC:        It affects your AC (+4).
   It has a curse which improves the following skills: Elements: Fire Magic, Ice
   Magic, Air Magic and Earth Magic.
   Evocations: Evocations.
 y - a ring of positive energy
Wands
 p - a wand of iceblast (26)
 A - a wand of mindburst (15)
Scrolls
 c - a scroll of amnesia
 e - 4 scrolls of enchant armour
 f - 3 scrolls of blinking
 g - a scroll of brand weapon
 h - 4 scrolls of identify
 n - 2 scrolls of noise
 q - 2 scrolls of fear
 r - a scroll of silence
 t - 3 scrolls of teleportation (quivered)
Potions
 b - a potion of magic
 m - 4 potions of attraction
 o - a potion of might
 x - a potion of haste


   Skills:
 + Level 5.6 Fighting
 + Level 1.7(2.6) Polearms
 * Level 2.0(3.5) Armour
 - Level 2.4(3.4) Dodging
 + Level 9.0(10.2) Stealth
 + Level 9.2 Spellcasting
 - Level 1.1(1.9) Conjurations
 - Level 8.5(9.8) Fire Magic
 + Level 3.7(4.9) Air Magic


You had 17 spell levels left.
You knew the following spells:

 Your Spells              Type           Power      Damage    Failure   Level
a - Foxfire               Conj/Fire      100%       2x1d9     2%          1
b - Flame Wave            Conj/Fire      49%        2d10      22%         4
c - Lightning Bolt        Conj/Air       11%        1d24      86%         5

Your spell library contained the following spells:

 Spells                   Type           Power      Damage    Failure   Level
 Scorch                   Fire           100%       2d10      1%          2
 Conjure Flame            Conj/Fire      49%        6-21      6%          3
 Inner Flame              Hex/Fire       43%        N/A       10%         3
 Airstrike                Air            14%        N/A       32%         4
 Tukima's Dance           Hex            9%         N/A       56%         3
 Summon Lightning Spire   Summ/Air       19%        N/A       63%         4
 Cause Fear               Hex            4%         N/A       92%         4
 Passage of Golubria      Tloc           9%         N/A       92%         4
 Yara's Violent Unravell  Hex/Tmut       4%         3d4       100%        5
 Discord                  Hex            4%         N/A       100%        8


Dungeon Overview and Level Annotations

Branches:
Dungeon (9/15)             Temple (1/1) D:6
   Lair: D:8-11         Orc: D:9-12

Altars:
Ashenzari
Dithmenos
Elyvilon
Fedhas
Gozag
Hepliaklqana
Kikubaaqudgha
Makhleb
Nemelex Xobeh
Okawaru
Qazlal
Ru
Sif Muna
Trog
Uskayaw
Wu Jian
Xom
Yredelemnul
Zin
The Shining One

Shops:
D:1 [   D:5 (   D:8 [

Annotations:
D:2 1 runed translucent door, Crazy Yiuf, Sigmund
D:9 Psyche


Innate Abilities, Weirdness & Mutations

You are strong-willed. (Will+)
Your muscles are strong. (Str +2)
You sometimes lose the ability to read scrolls when taking damage.


Message History

Psyche points at you and mumbles some strange words.
You resist with almost no effort. The wyvern barely misses you.
You puncture the troll!
You kill the troll!
The wyvern barely misses you.
Psyche mumbles some strange words.
A swirling arc of seething chaos appears!
The arc of chaos hits the orc wizard.
The arc of chaos hits you. You resist.
* * * LOW HITPOINT WARNING * * *
Your base Armour skill increases to level 2!
Your base Stealth skill increases to level 9!
You cannot read scrolls in your current state!
You feel yourself speed up.
The wyvern bites you but does no damage.
Psyche gestures wildly while chanting.
A swirling arc of seething chaos appears!
The arc of chaos hits the orc wizard.
The orc wizard seems to speed up.
The arc of chaos hits you. You partially resist.
You feel drained.
* * * LOW HITPOINT WARNING * * *
The orc wizard barely misses you. The wyvern bites you.
* * * LOW HITPOINT WARNING * * *
Psyche hits you but does no damage.
You feel agile all of a sudden.
Okay, then.
The orc wizard attacks as you move away!
The orc wizard closely misses you. Psyche casts a spell at you.
The orc wizard resists with significant effort.
Casting: Foxfire (safe; 2% risk of failure)
Confirm with . or Enter, or press ? or * to list all spells.
Okay, then.
The orc wizard attacks as you move away!
The orc wizard misses you.
Found a stone staircase leading up.
The orc wizard gestures at you while chanting.
The magic dart hits you.
* * * LOW HITPOINT WARNING * * *
You cannot read scrolls in your current state!
A red film seems to cover your vision as you go berserk!
You feel yourself moving faster!
You feel mighty! The wyvern bites you.
You die...

,.@.,,#.#
#.#####.#.#.###.#.#
....##@###.#####.#.#.# #.#.#
, ,#...)...........#.#
#.#.##
*#...###...........###....##
* *#####
#.o.....###.........# * *
#.....#.....###.....# * *
#...@.#.###.# #.#.#.# ,
####...lo..# #.# #....<. * *
.......@...# #[# ####..# , *
* .###...........# #..# * *
##....#.##### #... * *
#......# #.## * , #......#
#. * * * #......# #.* *
#....... #.* , #...<...# * *
*


You could see Psyche (invisible), an orc warrior, a wyvern (agile) and an orc
wizard (fast, invisible).

Vanquished Creatures
  A two-headed ogre (D:8)
  Pikel (D:4)
  Maggie (D:7)
  A troll (D:9)
  Grum (D:8)
  3 water moccasins
  An orc warrior (D:7)
  3 sky beasts
  A black bear (D:7)
  An ice beast (D:6)
  2 wolves (D:8)
  2 centaurs
  4 lemures (D:4)
  A kobold brigand (D:8)
  5 bullfrogs
  A necrophage (D:6)
  2 scorpions
  8 wights
  4 hounds
  3 jellies
  An orc priest (D:7)
  Natasha (D:4)
  5 iguanas
  An orc wizard (D:8)
  3 gnolls (D:4)
  5 adders
  2 shadow imps
  2 ufetubi
  2 worms (D:2)
  3 dart slugs
  7 orcs
  7 ball pythons
  6 bats
  5 endoplasms
  A giant cockroach (D:2)
  4 goblins
  8 hobgoblins
  15 jackals
  A quokka (D:2)
  3 frilled lizards
  6 kobolds
  5 rats
139 creatures vanquished.

Vanquished Creatures (others)
  867 foxfires
867 creatures vanquished.

Grand Total: 1006 creatures vanquished

Notes
Turn   | Place    | Note
-------+----------+-------------------------------------------
     0 | D:1      | Hubjo the Deep Elf Fire Elementalist began the quest for
                  | the Orb.
     0 | D:1      | Reached XP level 1. HP: 10/10 MP: 6/6
   248 | D:1      | Reached XP level 2. HP: 16/16 MP: 2/8
   350 | D:1      | Found Tafazoi's Antique Armour Shop.
   527 | D:1      | Reached skill level 1 in Fighting
  1391 | D:2      | Reached XP level 3. HP: 20/20 MP: 5/9
  1432 | D:2      | Found an opulent altar of Gozag.
  1971 | D:2      | Found a runed translucent door.
  1972 | D:2      | Noticed Crazy Yiuf
  1974 | D:2      | Noticed Sigmund
  2611 | D:3      | Reached XP level 4. HP: 17/26 MP: 8/11
  2623 | D:3      | Learned a level 4 spell: Flame Wave
  3640 | D:4      | Noticed a scorpion
  3646 | D:4      | Killed a scorpion
  3647 | D:4      | Reached XP level 5. HP: 31/31 MP: 6/13
  3954 | D:4      | Found a glowing silver altar of Zin.
  3971 | D:4      | Became a worshipper of Zin the Law-Giver
  3971 | D:4      | Reached * piety under Zin
  3987 | D:4      | Noticed Natasha
  3993 | D:4      | Killed Natasha
  3994 | D:4      | Reached XP level 6. HP: 34/36 MP: 9/14
  4146 | D:4      | Noticed Pikel
  4168 | D:4      | Killed Pikel
  4169 | D:4      | Reached skill level 5 in Stealth
  4169 | D:4      | Reached skill level 5 in Spellcasting
  4169 | D:4      | Reached XP level 7. HP: 16/41 MP: 4/17
  4574 | D:4      | Gained mutation: You are strong-willed. (Will+) [potion of
                  | mutation]
  4574 | D:4      | Gained mutation: You sometimes lose the ability to read
                  | scrolls when taking damage. [potion of mutation]
  4574 | D:4      | Gained mutation: Your muscles are strong. (Str +2) [potion
                  | of mutation]
  5077 | D:5      | Entered Level 5 of the Dungeon
  5105 | D:5      | You fall into a shaft and drop 2 floors!
  5371 | D:7      | Reached XP level 8. HP: 48/48 MP: 14/19
  5542 | D:7      | Identified the +12 spear of Xeegub {holy, rElec rN+ Int-5}
  5582 | D:7      | Noticed Maggie
  5616 | D:7      | Killed Maggie
  5770 | D:7      | Reached ** piety under Zin
  5881 | D:7      | Zin protects you from harm!
  6211 | D:6      | Found a staircase to the Ecumenical Temple.
  6222 | Temple   | Entered the Ecumenical Temple
  6232 | Temple   | Fell from the grace of Zin
  6232 | Temple   | Became a worshipper of Ashenzari the Shackled
  6271 | D:6      | Reached XP level 9. HP: 43/52 MP: 11/22
  6824 | D:6      | Found an ancient bone altar of Kikubaaqudgha.
  6900 | D:6      | Found a shimmering altar of Xom.
  7688 | D:5      | Reached skill level 5 in Fighting
  7851 | D:5      | Reached * piety under Ashenzari
  7859 | D:5      | Found a stormy altar of Qazlal.
  7896 | D:5      | Found Amiam's Weapon Shop.
  7924 | D:5      | Found a bloodstained altar of Trog.
  8369 | D:5      | Reached ** piety under Ashenzari
  8376 | D:5      | Learned a level 5 spell: Lightning Bolt
  8822 | D:7      | Found an opulent altar of Gozag.
  8879 | D:7      | Found a sacrificial altar of Ru.
  9128 | D:8      | Reached skill level 1 in Air Magic
  9451 | D:8      | Noticed Grum
  9462 | D:8      | Killed Grum
  9466 | D:8      | Reached skill level 1 in Polearms
  9466 | D:8      | Reached skill level 1 in Armour
  9529 | D:8      | Found Heck's Armour Shoppe.
  9531 | D:8      | Noticed a two-headed ogre
  9542 | D:8      | Killed a two-headed ogre
  9543 | D:8      | Reached XP level 10. HP: 59/59 MP: 15/25
 10125 | D:8      | Found a hazy altar of Hepliaklqana.
 10787 | D:8      | Reached *** piety under Ashenzari
 10840 | D:9      | Noticed Psyche
 10862 | D:9      | HP: 2/59 [orc wizard/magic dart (5)]
 10863 | D:9      | Slain by a wyvern

Illustrated notes

Levels and vault maps discovered:
D:1:      dpeg_arrival_stonehenge_8_columns, layout_loops_ring, serial_shops,
          nicolae_shop_temple_entry_statues_fountains
D:2:      layout_basic, basic_altar, minmay_misc_feat_room,
          uniq_crazy_yiuf_cottage, uniq_sigmund
D:3:      layout_loops_ring, kennysheep_minor_cross
D:4:      layout_rooms, zin_statuary, uniq_natasha, uniq_pikel
D:5:      layout_loops_cross, nicolae_qazlal_general_emergency, bloody_trog,
          cheibrodos_sewer_entry_drain, serial_shops,
          nicolae_shop_bloodbath_and_beyond
D:6:      layout_cave_pods, mainiacjoe_overflow_alcove_4, xom_teletrap_fun,
          minmay_temple_entry_wispy
D:7:      layout_cave_pools, nicolae_ru_path_of_blood,
          nicolae_gozag_seed_capital, uniq_maggie
D:8:      layout_layer_cave, worldfamousw_hep_ancestral_shrine, serial_shops,
          shop, chequers_serial_rivers_micro_a, roderic_serpentine_path,
          uniq_grum
D:9:      layout_loops_ring, mainiacjoe_overflow_tiny_flanked, lair_entry_dummy,
          david_orc_4, uniq_psyche, uniq_maurice
Temple:   nicolae_temple_no_exploring_needed

Skill      XL: |  1  2  3  4  5  6  7  8  9 10 |
---------------+-------------------------------+-----
Fighting       | 1 2 3 4 5 |  5.6
Stealth        | 3 4 5 7 8 9 |  9.0
Spellcasting   | 4 5 6 7 9 |  9.2
Fire Magic     | 4 6 8 |  8.5
Air Magic      | 3 |  3.7
Polearms       | 1 |  1.7
Armour         | 1 2 |  2.0
Dodging        | |  2.4
Conjurations   | |  1.1

Action                   |  1- 3 |  4- 6 |  7- 9 | 10-12 || total
-------------------------+-------+-------+-------+-------++-------
Melee: Unarmed           |    17 |       |       |       ||    17
       Short sword       |     3 |       |       |       ||     3
       Dagger            |       |     1 |    11 |       ||    12
       Spear             |       |       |    24 |    16 ||    40
 Cast: Foxfire           |   134 |    91 |   246 |    43 ||   514
       Flame Wave        |       |     2 |     1 |       ||     3
Invok: Curse Item        |       |       |     4 |     1 ||     5
       Shatter the Chain |       |       |       |     1 ||     1
  Use: Potion            |       |     1 |     8 |     5 ||    14
       Scroll            |       |       |     6 |       ||     6
 Stab: Sleeping          |       |       |     1 |       ||     1
Armor: Robe              |     7 |     7 |    23 |     2 ||    39
       Swamp dragon scal |       |       |       |    18 ||    18
Dodge: Dodged            |    36 |    15 |    53 |    41 ||   145

Table legend: (Time is in decaauts)
 A = Elapsed time spent in this place.
 B = Non-inter-level travel time spent in this place.
 C = Inter-level travel time spent in this place.
 D = Time resting spent in this place.
 E = Time spent auto-exploring this place.
 F = Levels seen in this place.
 G = Mean time per level.
                   A        B        C        D        E       F      G
               +--------+--------+--------+--------+--------+-----+--------+
         Total |  10876 |  10527 |    349 |    689 |   8223 |  10 | 1087.6 |
       Dungeon |  10849 |  10512 |    337 |    680 |   8223 |   9 | 1205.4 |
        Temple |     26 |     14 |     12 |      9 |      0 |   1 |   26.0 |
               +--------+--------+--------+--------+--------+-----+--------+

Top non-repeatable levels by time:
     D:8: 1846 daAuts
     D:4: 1572 daAuts
     D:6: 1532 daAuts
     D:7: 1517 daAuts
     D:1: 1383 daAuts
     D:2: 1091 daAuts
     D:3: 1035 daAuts
     D:5: 796 daAuts
     D:9: 73 daAuts
  Temple: 26 daAuts
